SAN JOSE Sharks vs LOS ANGELES Kings

Created - 11 mars 2024 at 20:37

Goals
1 2 3 T
SAN JOSE Sharks 1 1 1 3
LOS ANGELES Kings 0 1 0 1
Shots
1 2 3 T
SAN JOSE Sharks 6 11 7 24
LOS ANGELES Kings 5 11 7 23

1st period

1. SAN JOSE Sharks , John Klingberg 3 (Jack Johnson 21, Evander Kane 11) at 19:06 (PP)

Penalties :
Hampus Lindholm (LAK) for High sticking (Minor) at 3:38, Drew Doughty (LAK) for Diving (Minor) at 4:45, Rasmus Andersson (LAK) for Tripping (Minor) at 18:39

2nd period

2. LOS ANGELES Kings , Dawson Mercer 18 (Dominik Kubalik 11, Hampus Lindholm 26) at 9:37
3. SAN JOSE Sharks , Matt Nieto 5 (Brett Howden 8) at 17:42

Penalties :
Hampus Lindholm (LAK) for Slashing (Minor) at 11:39

3rd period

4. SAN JOSE Sharks , Kyle Connor 28 (John Tavares 34) at 10:27 (PP)

Penalties :
Mitchell Marner (LAK) for Slashing (Minor) at 4:48, Hampus Lindholm (LAK) for Slashing (Minor) at 9:12

Goalie Stats

Ville Husso (SJS), 22 saves from 23 shots - (0,957), W, 7-10-7, 60:00 minutes
Vitek Vanecek (LAK), 21 saves from 24 shots - (0,875), L, 18-20-2, 60:00 minutes

Players Stats for SAN JOSE Sharks

Player Name              G  A  P  +/- PIM S  H  SB GA TA FO     MP     PP MP  PK MP  
------------------------------------------------------------------------------------
Andrew Mangiapane        0  0  0   0  0   2  1  0  0  0  1/2    18:42   4:11   0:00 
Austin Watson            0  0  0  -1  0   1  0  0  0  0  0/0     6:34   0:00   0:00 
Brayden McNabb           0  0  0   0  0   1  1  2  0  0  0/0    25:23   4:58   0:00 
Brett Howden             0  1  1   1  0   2  2  0  0  0  9/15   12:09   0:00   0:00 
Cam Atkinson             0  0  0   1  0   1  0  0  0  0  0/0    12:09   0:00   0:00 
Cody Ceci                0  0  0   0  0   0  2  1  0  0  0/0    23:46   3:21   0:00 
Evander Kane             0  1  1   0  0   3  0  0  0  0  0/2    18:42   4:11   0:00 
Jack Johnson             0  1  1   0  0   0  1  0  0  0  0/0    20:45   3:48   0:00 
Joe Pavelski             0  0  0   0  0   0  1  2  0  0  2/2    22:35   4:35   0:00 
John Klingberg           1  0  1   0  0   2  6  0  0  0  0/0    22:22   5:25   0:00 
John Tavares             0  1  1   0  0   2  3  0  0  0  12/22  22:35   4:35   0:00 
Kyle Connor              1  0  1   0  0   2  0  1  0  0  1/2    22:35   4:35   0:00 
Matias Maccelli          0  0  0  -1  0   1  0  0  0  0  0/0     6:34   0:00   0:00 
Matt Nieto               1  0  1   1  0   6  1  0  0  0  0/1    12:09   0:00   0:00 
Nick Cousins             0  0  0  -1  0   0  0  0  0  0  2/3     6:34   0:00   0:00 
Oliver Kylington         0  0  0   0  0   0  2  0  0  0  0/0    13:52   0:00   0:00 
Sam Bennett              0  0  0   0  0   1  2  0  0  0  14/25  18:42   4:11   0:00 
Troy Stecher             0  0  0   0  0   0  2  1  0  0  0/0    13:52   0:00   0:00 

Players Stats for LOS ANGELES Kings

Player Name              G  A  P  +/- PIM S  H  SB GA TA FO     MP     PP MP  PK MP  
------------------------------------------------------------------------------------
Anze Kopitar             0  0  0  -1  0   8  0  0  0  0  14/29  23:53   0:00   2:56 
Calle Rosen              0  0  0   0  0   1  1  0  0  0  0/0    16:52   0:00   1:26 
Carl Grundstrom          0  0  0   0  0   2  0  0  0  0  0/0    15:06   0:00   0:00 
Dawson Mercer            1  0  1   1  0   3  2  1  0  0  15/30  20:59   0:00   5:48 
Dominik Kubalik          0  1  1   1  0   0  3  1  0  0  0/0    15:11   0:00   0:00 
Drew Doughty             0  0  0  -1  2   0  0  0  0  0  0/0    22:37   0:00   3:54 
Hampus Lindholm          0  1  1   1  6   0  2  1  0  0  0/0    19:42   0:00   2:40 
Joel Kiviranta           0  0  0   0  0   0  0  0  0  0  0/0     4:00   0:00   0:00 
Jonathan Huberdeau       0  0  0  -1  0   2  1  0  0  0  0/0    17:59   0:00   1:02 
Marc Staal               0  0  0   1  0   1  4  0  0  0  0/0    20:03   0:00   4:27 
Marcus Pettersson        0  0  0   0  0   0  2  0  0  0  0/0    15:26   0:00   0:00 
Mark Stone               0  0  0   1  0   2  2  0  0  0  0/0    15:11   0:00   0:00 
Mitchell Marner          0  0  0  -1  2   1  1  0  0  0  0/2    19:01   0:00   2:05 
Oskar Sundqvist          0  0  0   0  0   1  1  0  0  0  2/11   15:06   0:00   0:00 
Parker Kelly             0  0  0   0  0   0  0  0  0  0  0/0     0:00   0:00   0:00 
Pierre Engvall           0  0  0   0  0   1  0  0  0  0  2/2     8:49   0:00   4:49 
Rasmus Andersson         0  0  0  -1  2   1  2  3  0  0  0/0    25:15   0:00   5:04 
Rem Pitlick              0  0  0   0  0   0  0  0  0  0  0/0    15:06   0:00   0:00 

3 Stars

1 - John Klingberg (SJS)
2 - Matt Nieto (SJS)
3 - Dawson Mercer (LAK)

Power Play

SAN JOSE Sharks - 2 on 6 Attempt(s) - 33,33%
LOS ANGELES Kings - 0 on 0 Attempt(s) - 0,00%

Penalty Kill

SAN JOSE Sharks - 0 on 0 Attempt(s) - 0,00% - Score 0 goal in Penalty Kill
LOS ANGELES Kings - 4 on 6 Attempt(s) - 66,67% - Score 0 goal in Penalty Kill

Team Stat

SAN JOSE Sharks - Hits : 24 - Faceoff Wins : 41 - Blocked Shots : 7 - Penalty Minutes : 0
LOS ANGELES Kings - Hits : 21 - Faceoff Wins : 33 - Blocked Shots : 6 - Penalty Minutes : 12

Official

Referees : Chris Schlenker and Laura White
Linesman : Andrew Smith and Shandor Alphonso

Game Notes

No Game Note

Finance

Level 1 -- Attendance: 5506 (78,66%) -- Ticket Income $539,588
Level 2 -- Attendance: 4449 (88,98%) -- Ticket Income $266,940
Level 3 -- Attendance: 2161 (86,44%) -- Ticket Income $75,635
Level 4 -- Attendance: 4478 (89,56%) -- Ticket Income $89,560
Luxury Box -- Attendance: 778 (77,80%) -- Ticket Income $155,600
Game was played at the Staples Center.
Total Attendance: 17372 (84,74%)
Total Ticket Income: $1,127,323
Other Income: $281,831
Total Income: $1,409,154

SAN JOSE Sharks

5 vs 5 Forward 
   Center                   Left Wing                Right Wing               Time % Phy DF OF 
 1 John Tavares             Kyle Connor              Joe Pavelski             40     1   2  2  
 2 Sam Bennett              Andrew Mangiapane        Evander Kane             30     1   2  2  
 3 Brett Howden             Cam Atkinson             Matt Nieto               20     1   2  2  
 4 Nick Cousins             Matias Maccelli          Austin Watson            10     1   2  2  

5 vs 5 Defense 
   Defense                  Defense                                           Time % Phy DF OF 
 1 Brayden McNabb           Cody Ceci                                         40     1   2  2  
 2 John Klingberg           Jack Johnson                                      30     1   2  2  
 3 Troy Stecher             Oliver Kylington                                  20     1   2  2  
 4 Brayden McNabb           Cody Ceci                                         10     1   2  2  

PowerPlay Forward 
   Center                   Left Wing                Right Wing               Time % Phy DF OF 
 1 John Tavares             Kyle Connor              Joe Pavelski             60     1   1  3  
 2 Sam Bennett              Evander Kane             Andrew Mangiapane        40     1   2  2  

PowerPlay Defense
   Defense                  Defense                                           Time % Phy DF OF 
 1 Brayden McNabb           John Klingberg                                    60     1   2  2  
 2 Cody Ceci                Jack Johnson                                      40     1   2  2  

Penalty Kill 4 Players Forward 
   Center                   Wing                     Time % Phy DF OF 
 1 John Tavares             Kyle Connor              60     1   2  2  
 2 Sam Bennett              Matt Nieto               40     1   2  2  

Penalty Kill 4 Players Defense
   Defense                  Defense                  Time % Phy DF OF 
 1 Brayden McNabb           Cody Ceci                60     1   2  2  
 2 John Klingberg           Jack Johnson             40     1   2  2  

Penalty Kill - 3 Players Forward 
   Forward                                           Time % Phy DF OF 
 1 John Tavares                                      60     1   2  2  
 2 Sam Bennett                                       40     1   2  2  

Penalty Kill - 3 Players Defense
   Defense                  Defense                  Time % Phy DF OF 
 1 Brayden McNabb           Cody Ceci                60     1   2  2  
 2 John Klingberg           Jack Johnson             40     1   2  2  

4 vs 4 Forward 
   Center                   Wing                     Time % Phy DF OF 
 1 John Tavares             Kyle Connor              60     1   2  2  
 2 Sam Bennett              Matt Nieto               40     1   2  2  

4 vs 4 Defense
   Defense                  Defense                  Time % Phy DF OF 
 1 Brayden McNabb           Cody Ceci                60     1   2  2  
 2 John Klingberg           Jack Johnson             40     1   2  2  

Last Minutes Offensive
   Center                   Left Wing                Right Wing               Defense                  Defense                  
   John Tavares             Kyle Connor              Joe Pavelski             Brayden McNabb           Cody Ceci                

Last Minutes Defensive
   Center                   Left Wing                Right Wing               Defense                  Defense                  
   John Tavares             Kyle Connor              Joe Pavelski             Brayden McNabb           Cody Ceci                

Goaltenders
Starting : Ville Husso              
Backup : Semyon Varlamov          

Extra Forwards
Normal : Sam Bennett, Matt Nieto, Evander Kane - PP : Sam Bennett, Matt Nieto - PK : Sam Bennett
Extra Defensemen
Normal : Jack Johnson, Troy Stecher, Oliver Kylington - PP : Jack Johnson - PK : Jack Johnson, Troy Stecher
Penalty Shots
Joe Pavelski, John Tavares, Kyle Connor, Andrew Mangiapane, Sam Bennett

Scratches
None

LOS ANGELES Kings

5 vs 5 Forward 
   Center                   Left Wing                Right Wing               Time % Phy DF OF 
 1 Anze Kopitar             Jonathan Huberdeau       Mitchell Marner          40     1   2  2  
 2 Dawson Mercer            Dominik Kubalik          Mark Stone               30     1   2  2  
 3 Oskar Sundqvist          Carl Grundstrom          Rem Pitlick              20     2   2  1  
 4 Anze Kopitar             Pierre Engvall           Joel Kiviranta           10     1   2  2  

5 vs 5 Defense 
   Defense                  Defense                                           Time % Phy DF OF 
 1 Drew Doughty             Rasmus Andersson                                  40     1   2  2  
 2 Marc Staal               Hampus Lindholm                                   30     1   2  2  
 3 Marcus Pettersson        Calle Rosen                                       20     1   2  2  
 4 Hampus Lindholm          Rasmus Andersson                                  10     1   2  2  

PowerPlay Forward 
   Center                   Left Wing                Right Wing               Time % Phy DF OF 
 1 Anze Kopitar             Jonathan Huberdeau       Mitchell Marner          60     1   1  3  
 2 Dawson Mercer            Dominik Kubalik          Mark Stone               40     1   1  3  

PowerPlay Defense
   Defense                  Defense                                           Time % Phy DF OF 
 1 Drew Doughty             Rasmus Andersson                                  60     1   2  2  
 2 Calle Rosen              Hampus Lindholm                                   40     1   2  2  

Penalty Kill 4 Players Forward 
   Center                   Wing                     Time % Phy DF OF 
 1 Dawson Mercer            Pierre Engvall           60     1   3  1  
 2 Anze Kopitar             Mitchell Marner          40     1   3  1  

Penalty Kill 4 Players Defense
   Defense                  Defense                  Time % Phy DF OF 
 1 Drew Doughty             Rasmus Andersson         60     1   2  2  
 2 Hampus Lindholm          Marc Staal               40     1   2  2  

Penalty Kill - 3 Players Forward 
   Forward                                           Time % Phy DF OF 
 1 Dawson Mercer                                     60     1   3  1  
 2 Anze Kopitar                                      40     1   3  1  

Penalty Kill - 3 Players Defense
   Defense                  Defense                  Time % Phy DF OF 
 1 Drew Doughty             Rasmus Andersson         60     1   2  2  
 2 Marc Staal               Hampus Lindholm          40     1   2  2  

4 vs 4 Forward 
   Center                   Wing                     Time % Phy DF OF 
 1 Anze Kopitar             Mitchell Marner          60     1   2  2  
 2 Dawson Mercer            Jonathan Huberdeau       40     1   2  2  

4 vs 4 Defense
   Defense                  Defense                  Time % Phy DF OF 
 1 Drew Doughty             Rasmus Andersson         60     1   2  2  
 2 Marc Staal               Hampus Lindholm          40     1   2  2  

Last Minutes Offensive
   Center                   Left Wing                Right Wing               Defense                  Defense                  
   Anze Kopitar             Jonathan Huberdeau       Mitchell Marner          Drew Doughty             Hampus Lindholm          

Last Minutes Defensive
   Center                   Left Wing                Right Wing               Defense                  Defense                  
   Anze Kopitar             Jonathan Huberdeau       Mitchell Marner          Drew Doughty             Rasmus Andersson         

Goaltenders
Starting : Vitek Vanecek            
Backup : Kaapo Kahkonen           

Extra Forwards
Normal : Anze Kopitar, Mitchell Marner, Jonathan Huberdeau - PP : Anze Kopitar, Mitchell Marner - PK : Mitchell Marner
Extra Defensemen
Normal : Marcus Pettersson, Drew Doughty, Rasmus Andersson - PP : Marcus Pettersson - PK : Drew Doughty, Rasmus Andersson
Penalty Shots
Mitchell Marner, Jonathan Huberdeau, Mark Stone, Anze Kopitar, Dawson Mercer

Scratches
None


% Time on Ice - SAN JOSE Sharks

Lines # - Real PCT - Wanted PCT - Time Play
Normal Forward
1 - 35% - 40% - 18:00
2 - 28% - 30% - 14:31
3 - 24% - 20% - 12:09
4 - 13% - 10% - 6:34
Normal Defense
1 - 36% - 40% - 18:16
2 - 33% - 30% - 16:57
3 - 27% - 20% - 13:52
4 - 4% - 10% - 2:09
PP Forward
1 - 52% - 60% - 4:35
2 - 48% - 40% - 4:11
PP Defense
1 - 62% - 60% - 5:25
2 - 38% - 40% - 3:21
PK Forward
1 - 0% - 60%
2 - 0% - 40%
PK Defense
1 - 0% - 60%
2 - 0% - 40%
PK3 Forward
1 - 0% - 60%
2 - 0% - 40%
PK3 Defense
1 - 0% - 60%
2 - 0% - 40%
44 Forward
1 - 0% - 60%
2 - 0% - 40%
44 Defense
1 - 0% - 60%
2 - 0% - 40%
Last Minute Offensive  - 0:00
Last Minute Defensive  - 0:00
Total
Forward - 60:00
Defense - 60:00

% Time on Ice - LOS ANGELES Kings

Lines # - Real PCT - Wanted PCT - Time Play
Normal Forward
1 - 33% - 40% - 16:57
2 - 30% - 30% - 15:11
3 - 29% - 20% - 15:06
4 - 8% - 10% - 4:00
Normal Defense
1 - 37% - 40% - 18:43
2 - 30% - 30% - 15:36
3 - 30% - 20% - 15:26
4 - 3% - 10% - 1:29
PP Forward
1 - 0% - 60%
2 - 0% - 40%
PP Defense
1 - 0% - 60%
2 - 0% - 40%
PK Forward
1 - 69% - 60% - 5:25
2 - 31% - 40% - 2:29
PK Defense
1 - 50% - 60% - 3:59
2 - 50% - 40% - 3:55
PK3 Forward
1 - 75% - 60% - 0:39
2 - 25% - 40% - 0:13
PK3 Defense
1 - 38% - 60% - 0:20
2 - 62% - 40% - 0:32
44 Forward
1 - 0% - 60%
2 - 0% - 40%
44 Defense
1 - 0% - 60%
2 - 0% - 40%
Last Minute Offensive  - 0:00
Last Minute Defensive  - 0:00
Total
Forward - 60:00
Defense - 60:00

Play-by-Play

1st period


0:01 of 1st period - John Tavares wins face-off versus Anze Kopitar in neutral zone.
1:25 of 1st period - Shot by Andrew Mangiapane.
1:25 of 1st period - Stopped by Vitek Vanecek with a rebound.
2:02 of 1st period - Shot by Dominik Kubalik.
2:02 of 1st period - Shot Misses the Net.
2:16 of 1st period - Shot by Dawson Mercer.
2:16 of 1st period - Stopped by Ville Husso without a rebound.
2:17 of 1st period - Nick Cousins wins face-off versus Oskar Sundqvist in SAN JOSE Sharks zone.
3:26 of 1st period - Shot by Mark Stone.
3:26 of 1st period - Shot Hit the Post.
3:31 of 1st period - Joe Pavelski is hit by Dawson Mercer and loses puck.
3:37 of 1st period - John Klingberg is hit by Marc Staal and loses puck.
3:38 of 1st period - Minor Penalty to Hampus Lindholm for High sticking.
3:39 of 1st period - Sam Bennett wins face-off versus Dawson Mercer in LOS ANGELES Kings zone.
4:00 of 1st period - Shot by John Klingberg.
4:00 of 1st period - Stopped by Vitek Vanecek without a rebound.
4:01 of 1st period - Dawson Mercer wins face-off versus John Tavares in LOS ANGELES Kings zone.
4:01 of 1st period - Dawson Mercer is hit by John Tavares.
4:17 of 1st period - Shot by Pierre Engvall.
4:17 of 1st period - Deflect By Dawson Mercer.
4:17 of 1st period - Stopped by Ville Husso without a rebound.
4:18 of 1st period - Anze Kopitar wins face-off versus Evander Kane in SAN JOSE Sharks zone.
4:28 of 1st period - Icing by Evander Kane.
4:29 of 1st period - Sam Bennett wins face-off versus Dawson Mercer in SAN JOSE Sharks zone.
4:45 of 1st period - Minor Penalty to Drew Doughty for Diving.
4:46 of 1st period - John Tavares wins face-off versus Dawson Mercer in LOS ANGELES Kings zone.
4:46 of 1st period - John Tavares is hit by Marc Staal.
5:00 of 1st period - Shot by John Tavares.
5:00 of 1st period - Stopped by Vitek Vanecek without a rebound.
5:01 of 1st period - Sam Bennett wins face-off versus Dawson Mercer in LOS ANGELES Kings zone.
5:15 of 1st period - Icing by Evander Kane.
5:16 of 1st period - Anze Kopitar wins face-off versus Sam Bennett in SAN JOSE Sharks zone.
6:10 of 1st period - Shot by Kyle Connor.
6:10 of 1st period - Shot Misses the Net.
6:26 of 1st period - Shot by Kyle Connor.
6:26 of 1st period - Shot Misses the Net.
6:28 of 1st period - Shot by Cody Ceci.
6:28 of 1st period - Shot Misses the Net.
6:30 of 1st period - Shot by Cody Ceci.
6:30 of 1st period - Shot Blocked by Hampus Lindholm.
7:02 of 1st period - Shot by Carl Grundstrom.
7:02 of 1st period - Shot Misses the Net.
7:14 of 1st period - Shot by Carl Grundstrom.
7:14 of 1st period - Stopped by Ville Husso without a rebound.
7:15 of 1st period - Anze Kopitar wins face-off versus Sam Bennett in SAN JOSE Sharks zone.
8:50 of 1st period - Marc Staal is hit by Oliver Kylington.
8:59 of 1st period - Carl Grundstrom is hit by Troy Stecher and loses puck.
9:13 of 1st period - Icing by Oliver Kylington.
9:14 of 1st period - Dawson Mercer wins face-off versus John Tavares in SAN JOSE Sharks zone.
9:37 of 1st period - Shot by John Tavares.
9:37 of 1st period - Stopped by Vitek Vanecek without a rebound.
9:38 of 1st period - Pierre Engvall wins face-off versus Sam Bennett in LOS ANGELES Kings zone.
10:03 of 1st period - Shot by Anze Kopitar.
10:03 of 1st period - Shot Misses the Net.
10:11 of 1st period - Shot by Joel Kiviranta.
10:11 of 1st period - Shot Blocked by Brayden McNabb.
10:21 of 1st period - Shot by Sam Bennett.
10:21 of 1st period - Shot Blocked by Rasmus Andersson.
11:05 of 1st period - Brett Howden is hit by Dominik Kubalik and loses puck.
11:34 of 1st period - Calle Rosen is hit by Jack Johnson and loses puck.
11:53 of 1st period - Rem Pitlick is hit by John Klingberg and loses puck.
12:43 of 1st period - Shot by Mitchell Marner.
12:43 of 1st period - Shot Blocked by Joe Pavelski.
12:45 of 1st period - Shot by Anze Kopitar.
12:45 of 1st period - Stopped by Ville Husso without a rebound.
12:46 of 1st period - Dawson Mercer wins face-off versus Sam Bennett in SAN JOSE Sharks zone.
13:22 of 1st period - Shot by Evander Kane.
13:22 of 1st period - Shot Blocked by Dominik Kubalik.
13:24 of 1st period - Shot by Evander Kane.
13:24 of 1st period - Stopped by Vitek Vanecek without a rebound.
13:25 of 1st period - Oskar Sundqvist wins face-off versus John Tavares in LOS ANGELES Kings zone.
14:22 of 1st period - Matias Maccelli is hit by Oskar Sundqvist.
14:51 of 1st period - Icing by Troy Stecher.
14:52 of 1st period - Anze Kopitar wins face-off versus Nick Cousins in SAN JOSE Sharks zone.
15:22 of 1st period - Off-side.
15:23 of 1st period - Joe Pavelski wins face-off versus Dawson Mercer in neutral zone.
15:28 of 1st period - Icing by Marc Staal.
15:29 of 1st period - John Tavares wins face-off versus Dawson Mercer in LOS ANGELES Kings zone.
15:51 of 1st period - Dawson Mercer is hit by Cody Ceci and loses puck.
16:22 of 1st period - Brayden McNabb is hit by Dominik Kubalik and loses puck.
16:49 of 1st period - Mitchell Marner is hit by John Tavares.
17:33 of 1st period - Carl Grundstrom is hit by John Klingberg and loses puck.
18:04 of 1st period - Evander Kane is hit by Marcus Pettersson and loses puck.
18:29 of 1st period - Shot by Anze Kopitar.
18:29 of 1st period - Stopped by Ville Husso without a rebound.
18:30 of 1st period - Brett Howden wins face-off versus Dawson Mercer in SAN JOSE Sharks zone.
18:30 of 1st period - Brett Howden is hit by Dominik Kubalik.
18:39 of 1st period - Minor Penalty to Rasmus Andersson for Tripping.
18:40 of 1st period - Dawson Mercer wins face-off versus Evander Kane in LOS ANGELES Kings zone.
19:06 of 1st period - Shot by John Klingberg.
19:06 of 1st period - Goal by John Klingberg - SAN JOSE Sharks : 1 - LOS ANGELES Kings : 0.
19:07 of 1st period - Anze Kopitar wins face-off versus Brett Howden in neutral zone.
19:28 of 1st period - Icing by Troy Stecher.
19:29 of 1st period - Dawson Mercer wins face-off versus Brett Howden in SAN JOSE Sharks zone.
19:29 of 1st period - Hampus Lindholm is hit by Oliver Kylington and loses puck.
Goals for this period are 1 for SAN JOSE Sharks vs 0 for LOS ANGELES Kings.
Shots for this period are 6 for SAN JOSE Sharks vs 5 for LOS ANGELES Kings.

2nd period


0:01 of 2nd period - Joe Pavelski wins face-off versus Anze Kopitar in neutral zone.
0:36 of 2nd period - Kyle Connor is hit by Mitchell Marner and loses puck.
0:56 of 2nd period - Icing by Rasmus Andersson.
0:57 of 2nd period - Andrew Mangiapane wins face-off versus Anze Kopitar in LOS ANGELES Kings zone.
1:06 of 2nd period - Shot by Andrew Mangiapane.
1:06 of 2nd period - Shot Blocked by Rasmus Andersson.
1:08 of 2nd period - Shot by Andrew Mangiapane.
1:08 of 2nd period - Shot Misses the Net.
1:10 of 2nd period - Shot by Andrew Mangiapane.
1:10 of 2nd period - Stopped by Vitek Vanecek without a rebound.
1:11 of 2nd period - Dawson Mercer wins face-off versus Brett Howden in LOS ANGELES Kings zone.
1:17 of 2nd period - Off-side.
1:18 of 2nd period - Dawson Mercer wins face-off versus Sam Bennett in neutral zone.
1:51 of 2nd period - Shot by Mark Stone.
1:51 of 2nd period - Stopped by Ville Husso without a rebound.
1:52 of 2nd period - John Tavares wins face-off versus Oskar Sundqvist in SAN JOSE Sharks zone.
2:06 of 2nd period - Kyle Connor is hit by Calle Rosen and loses puck.
2:15 of 2nd period - Shot by Rem Pitlick.
2:15 of 2nd period - Shot Misses the Net.
3:46 of 2nd period - Shot by Dawson Mercer.
3:46 of 2nd period - Shot Misses the Net.
3:48 of 2nd period - Shot by Marc Staal.
3:48 of 2nd period - Stopped by Ville Husso with a rebound.
3:50 of 2nd period - Shot by Dawson Mercer.
3:50 of 2nd period - Shot Misses the Net.
4:02 of 2nd period - Shot by Dominik Kubalik.
4:02 of 2nd period - Shot Misses the Net.
4:04 of 2nd period - Shot by Dawson Mercer.
4:04 of 2nd period - Shot Blocked by Cody Ceci.
4:47 of 2nd period - Shot by Sam Bennett.
4:47 of 2nd period - Shot Misses the Net.
5:22 of 2nd period - Calle Rosen is hit by Brett Howden and loses puck.
7:09 of 2nd period - Shot by Anze Kopitar.
7:09 of 2nd period - Stopped by Ville Husso without a rebound.
7:10 of 2nd period - Brett Howden wins face-off versus Dawson Mercer in SAN JOSE Sharks zone.
7:26 of 2nd period - Cam Atkinson is hit by Marc Staal.
7:30 of 2nd period - Shot by Brett Howden.
7:30 of 2nd period - Stopped by Vitek Vanecek without a rebound.
7:31 of 2nd period - Sam Bennett wins face-off versus Anze Kopitar in LOS ANGELES Kings zone.
7:32 of 2nd period - Shot by Andrew Mangiapane.
7:32 of 2nd period - Shot Misses the Net.
7:48 of 2nd period - Shot by Evander Kane.
7:48 of 2nd period - Shot Misses the Net.
7:50 of 2nd period - Shot by Sam Bennett.
7:50 of 2nd period - Shot Misses the Net.
8:07 of 2nd period - Icing by Drew Doughty.
8:08 of 2nd period - Anze Kopitar wins face-off versus Brett Howden in LOS ANGELES Kings zone.
8:10 of 2nd period - Jonathan Huberdeau is hit by Matt Nieto and loses puck.
9:22 of 2nd period - Mark Stone is hit by Troy Stecher and loses puck.
9:27 of 2nd period - Shot by Dawson Mercer.
9:27 of 2nd period - Shot Hit the Post.
9:37 of 2nd period - Shot by Dawson Mercer.
9:37 of 2nd period - Goal by Dawson Mercer - SAN JOSE Sharks : 1 - LOS ANGELES Kings : 1.
9:38 of 2nd period - Anze Kopitar wins face-off versus Kyle Connor in neutral zone.
9:40 of 2nd period - Marc Staal is hit by John Klingberg and loses puck.
9:46 of 2nd period - Pierre Engvall is hit by John Klingberg.
9:52 of 2nd period - Shot by Pierre Engvall.
9:52 of 2nd period - Shot Misses the Net.
10:13 of 2nd period - Icing by John Tavares.
10:14 of 2nd period - John Tavares wins face-off versus Oskar Sundqvist in SAN JOSE Sharks zone.
10:51 of 2nd period - Shot by Brayden McNabb.
10:51 of 2nd period - Stopped by Vitek Vanecek without a rebound.
10:52 of 2nd period - Dawson Mercer wins face-off versus Brett Howden in LOS ANGELES Kings zone.
10:52 of 2nd period - Dawson Mercer is hit by Brett Howden.
11:06 of 2nd period - Shot by Brett Howden.
11:06 of 2nd period - Stopped by Vitek Vanecek with a rebound.
11:10 of 2nd period - Shot by Matt Nieto.
11:10 of 2nd period - Stopped by Vitek Vanecek with a rebound.
11:14 of 2nd period - Shot by Matt Nieto.
11:14 of 2nd period - Stopped by Vitek Vanecek without a rebound.
11:15 of 2nd period - Sam Bennett wins face-off versus Anze Kopitar in LOS ANGELES Kings zone.
11:15 of 2nd period - Evander Kane is hit by Hampus Lindholm and loses puck.
11:39 of 2nd period - Minor Penalty to Hampus Lindholm for Slashing.
11:40 of 2nd period - Dawson Mercer wins face-off versus John Tavares in LOS ANGELES Kings zone.
11:51 of 2nd period - Shot by John Klingberg.
11:51 of 2nd period - Shot Misses the Net.
12:02 of 2nd period - Icing by John Tavares.
12:03 of 2nd period - Dawson Mercer wins face-off versus John Tavares in SAN JOSE Sharks zone.
12:32 of 2nd period - Shot by Dawson Mercer.
12:32 of 2nd period - Shot Misses the Net.
12:41 of 2nd period - Icing by John Tavares.
12:42 of 2nd period - Anze Kopitar wins face-off versus John Tavares in SAN JOSE Sharks zone.
12:55 of 2nd period - Shot by Anze Kopitar.
12:55 of 2nd period - Stopped by Ville Husso with a rebound.
13:09 of 2nd period - Shot by Mitchell Marner.
13:09 of 2nd period - Shot Blocked by Kyle Connor.
13:21 of 2nd period - Shot by Mitchell Marner.
13:21 of 2nd period - Stopped by Ville Husso without a rebound.
13:22 of 2nd period - Sam Bennett wins face-off versus Dawson Mercer in SAN JOSE Sharks zone.
13:31 of 2nd period - Shot by Evander Kane.
13:31 of 2nd period - Stopped by Vitek Vanecek without a rebound.
13:32 of 2nd period - Sam Bennett wins face-off versus Dawson Mercer in LOS ANGELES Kings zone.
13:39 of 2nd period - Shot by Andrew Mangiapane.
13:39 of 2nd period - Deflect By Matt Nieto.
13:39 of 2nd period - Stopped by Vitek Vanecek without a rebound.
13:40 of 2nd period - Sam Bennett wins face-off versus Anze Kopitar in LOS ANGELES Kings zone.
13:51 of 2nd period - Mitchell Marner is hit by Sam Bennett.
14:17 of 2nd period - Shot by Mitchell Marner.
14:17 of 2nd period - Shot Misses the Net.
14:21 of 2nd period - Shot by Anze Kopitar.
14:21 of 2nd period - Stopped by Ville Husso without a rebound.
14:22 of 2nd period - Dawson Mercer wins face-off versus Brett Howden in SAN JOSE Sharks zone.
14:36 of 2nd period - Rasmus Andersson is hit by John Klingberg and loses puck.
14:50 of 2nd period - Icing by Jack Johnson.
14:51 of 2nd period - Brett Howden wins face-off versus Oskar Sundqvist in SAN JOSE Sharks zone.
15:23 of 2nd period - Icing by Marc Staal.
15:24 of 2nd period - Kyle Connor wins face-off versus Oskar Sundqvist in LOS ANGELES Kings zone.
15:35 of 2nd period - Shot by Oskar Sundqvist.
15:35 of 2nd period - Stopped by Ville Husso without a rebound.
15:36 of 2nd period - Anze Kopitar wins face-off versus Sam Bennett in SAN JOSE Sharks zone.
15:36 of 2nd period - Rasmus Andersson is hit by Brayden McNabb and loses puck.
15:42 of 2nd period - Icing by Cody Ceci.
15:43 of 2nd period - Sam Bennett wins face-off versus Anze Kopitar in SAN JOSE Sharks zone.
15:43 of 2nd period - Sam Bennett is hit by Jonathan Huberdeau.
16:15 of 2nd period - Shot by Mitchell Marner.
16:15 of 2nd period - Shot Misses the Net.
16:17 of 2nd period - Shot by Drew Doughty.
16:17 of 2nd period - Shot Misses the Net.
16:19 of 2nd period - Shot by Jonathan Huberdeau.
16:19 of 2nd period - Stopped by Ville Husso with a rebound.
16:21 of 2nd period - Shot by Anze Kopitar.
16:21 of 2nd period - Deflect By Jonathan Huberdeau.
16:21 of 2nd period - Stopped by Ville Husso without a rebound.
16:22 of 2nd period - John Tavares wins face-off versus Dawson Mercer in SAN JOSE Sharks zone.
16:22 of 2nd period - John Tavares is hit by Mark Stone.
16:25 of 2nd period - Icing by Joe Pavelski.
16:26 of 2nd period - Dawson Mercer wins face-off versus John Tavares in SAN JOSE Sharks zone.
17:36 of 2nd period - Icing by Rasmus Andersson.
17:37 of 2nd period - Brett Howden wins face-off versus Anze Kopitar in LOS ANGELES Kings zone.
17:40 of 2nd period - Shot by Matt Nieto.
17:40 of 2nd period - Shot Misses the Net.
17:42 of 2nd period - Shot by Matt Nieto.
17:42 of 2nd period - Goal by Matt Nieto - SAN JOSE Sharks : 2 - LOS ANGELES Kings : 1.
17:43 of 2nd period - Sam Bennett wins face-off versus Oskar Sundqvist in neutral zone.
18:06 of 2nd period - Shot by Sam Bennett.
18:06 of 2nd period - Shot Misses the Net.
18:08 of 2nd period - Shot by Evander Kane.
18:08 of 2nd period - Stopped by Vitek Vanecek without a rebound.
18:09 of 2nd period - Brett Howden wins face-off versus Anze Kopitar in LOS ANGELES Kings zone.
18:32 of 2nd period - Icing by Matt Nieto.
18:33 of 2nd period - Brett Howden wins face-off versus Dawson Mercer in SAN JOSE Sharks zone.
18:33 of 2nd period - Brett Howden is hit by Mark Stone.
18:36 of 2nd period - Matt Nieto is hit by Dawson Mercer and loses puck.
18:44 of 2nd period - Shot by Oliver Kylington.
18:44 of 2nd period - Shot Blocked by Dawson Mercer.
18:46 of 2nd period - Shot by Brett Howden.
18:46 of 2nd period - Shot Misses the Net.
18:48 of 2nd period - Shot by Cam Atkinson.
18:48 of 2nd period - Stopped by Vitek Vanecek with a rebound.
19:28 of 2nd period - Rasmus Andersson is hit by Joe Pavelski and loses puck.
19:56 of 2nd period - Shot by Anze Kopitar.
19:56 of 2nd period - Stopped by Ville Husso without a rebound.
19:57 of 2nd period - Oskar Sundqvist wins face-off versus Sam Bennett in SAN JOSE Sharks zone.
Goals for this period are 1 for SAN JOSE Sharks vs 1 for LOS ANGELES Kings.
Shots for this period are 11 for SAN JOSE Sharks vs 11 for LOS ANGELES Kings.

3rd period


0:01 of 3rd period - John Tavares wins face-off versus Anze Kopitar in neutral zone.
0:08 of 3rd period - Shot by John Tavares.
0:08 of 3rd period - Shot Misses the Net.
1:20 of 3rd period - Shot by Mark Stone.
1:20 of 3rd period - Shot Misses the Net.
1:44 of 3rd period - Rasmus Andersson is hit by Sam Bennett and loses puck.
1:52 of 3rd period - Evander Kane is hit by Rasmus Andersson and loses puck.
2:01 of 3rd period - Shot by Rasmus Andersson.
2:01 of 3rd period - Stopped by Ville Husso without a rebound.
2:02 of 3rd period - Brett Howden wins face-off versus Anze Kopitar in SAN JOSE Sharks zone.
3:57 of 3rd period - Icing by Dawson Mercer.
3:58 of 3rd period - Dawson Mercer wins face-off versus John Tavares in LOS ANGELES Kings zone.
3:58 of 3rd period - Dawson Mercer is hit by John Tavares.
4:39 of 3rd period - Icing by John Klingberg.
4:40 of 3rd period - John Tavares wins face-off versus Anze Kopitar in SAN JOSE Sharks zone.
4:44 of 3rd period - Off-side.
4:45 of 3rd period - Anze Kopitar wins face-off versus Sam Bennett in neutral zone.
4:48 of 3rd period - Minor Penalty to Mitchell Marner for Slashing.
4:49 of 3rd period - Dawson Mercer wins face-off versus Sam Bennett in LOS ANGELES Kings zone.
4:49 of 3rd period - Dawson Mercer is hit by Andrew Mangiapane.
6:07 of 3rd period - Shot by Jack Johnson.
6:07 of 3rd period - Shot Misses the Net.
7:54 of 3rd period - Shot by Austin Watson.
7:54 of 3rd period - Stopped by Vitek Vanecek without a rebound.
7:55 of 3rd period - Anze Kopitar wins face-off versus John Tavares in LOS ANGELES Kings zone.
8:09 of 3rd period - Shot by Anze Kopitar.
8:09 of 3rd period - Shot Misses the Net.
8:11 of 3rd period - Shot by Anze Kopitar.
8:11 of 3rd period - Shot Blocked by Joe Pavelski.
8:13 of 3rd period - Shot by Pierre Engvall.
8:13 of 3rd period - Stopped by Ville Husso with a rebound.
8:15 of 3rd period - Shot by Pierre Engvall.
8:15 of 3rd period - Shot Misses the Net.
8:17 of 3rd period - Shot by Joel Kiviranta.
8:17 of 3rd period - Shot Misses the Net.
8:19 of 3rd period - Shot by Drew Doughty.
8:19 of 3rd period - Shot Misses the Net.
8:33 of 3rd period - Shot by Anze Kopitar.
8:33 of 3rd period - Stopped by Ville Husso without a rebound.
8:34 of 3rd period - Dawson Mercer wins face-off versus Sam Bennett in SAN JOSE Sharks zone.
9:04 of 3rd period - Sam Bennett is hit by Marc Staal and loses puck.
9:12 of 3rd period - Minor Penalty to Hampus Lindholm for Slashing.
9:13 of 3rd period - John Tavares wins face-off versus Dawson Mercer in LOS ANGELES Kings zone.
9:51 of 3rd period - Shot by Joe Pavelski.
9:51 of 3rd period - Shot Misses the Net.
10:13 of 3rd period - Shot by Sam Bennett.
10:13 of 3rd period - Shot Misses the Net.
10:25 of 3rd period - Shot by Sam Bennett.
10:25 of 3rd period - Stopped by Vitek Vanecek without a rebound.
10:26 of 3rd period - John Tavares wins face-off versus Mitchell Marner in LOS ANGELES Kings zone.
10:27 of 3rd period - Shot by Kyle Connor.
10:27 of 3rd period - Goal by Kyle Connor - SAN JOSE Sharks : 3 - LOS ANGELES Kings : 1.
10:28 of 3rd period - Brett Howden wins face-off versus Anze Kopitar in neutral zone.
10:57 of 3rd period - Shot by Jonathan Huberdeau.
10:57 of 3rd period - Shot Blocked by Troy Stecher.
10:59 of 3rd period - Shot by Anze Kopitar.
10:59 of 3rd period - Stopped by Ville Husso with a rebound.
11:01 of 3rd period - Shot by Anze Kopitar.
11:01 of 3rd period - Shot Misses the Net.
11:51 of 3rd period - Shot by Oskar Sundqvist.
11:51 of 3rd period - Shot Misses the Net.
12:17 of 3rd period - Shot by Dominik Kubalik.
12:17 of 3rd period - Shot Hit the Post.
12:42 of 3rd period - Icing by Joe Pavelski.
12:43 of 3rd period - Anze Kopitar wins face-off versus John Tavares in SAN JOSE Sharks zone.
13:03 of 3rd period - Shot by Jonathan Huberdeau.
13:03 of 3rd period - Shot Misses the Net.
13:41 of 3rd period - Icing by Jack Johnson.
13:42 of 3rd period - Sam Bennett wins face-off versus Dawson Mercer in SAN JOSE Sharks zone.
14:14 of 3rd period - Icing by Evander Kane.
14:15 of 3rd period - Sam Bennett wins face-off versus Oskar Sundqvist in SAN JOSE Sharks zone.
14:33 of 3rd period - Shot by Evander Kane.
14:33 of 3rd period - Shot Misses the Net.
14:45 of 3rd period - Shot by Carl Grundstrom.
14:45 of 3rd period - Stopped by Ville Husso with a rebound.
14:47 of 3rd period - Shot by Calle Rosen.
14:47 of 3rd period - Stopped by Ville Husso with a rebound.
15:08 of 3rd period - John Klingberg is hit by Rasmus Andersson and loses puck.
15:12 of 3rd period - Icing by Rasmus Andersson.
15:13 of 3rd period - Nick Cousins wins face-off versus Mitchell Marner in LOS ANGELES Kings zone.
15:25 of 3rd period - Icing by Jonathan Huberdeau.
15:26 of 3rd period - John Tavares wins face-off versus Anze Kopitar in LOS ANGELES Kings zone.
15:35 of 3rd period - Shot by Kyle Connor.
15:35 of 3rd period - Shot Hit the Post.
15:37 of 3rd period - Shot by John Tavares.
15:37 of 3rd period - Shot Blocked by Rasmus Andersson.
15:39 of 3rd period - Shot by Kyle Connor.
15:39 of 3rd period - Stopped by Vitek Vanecek with a rebound.
15:41 of 3rd period - Shot by Kyle Connor.
15:41 of 3rd period - Shot Misses the Net.
16:50 of 3rd period - Shot by Austin Watson.
16:50 of 3rd period - Deflect By Nick Cousins.
16:50 of 3rd period - Shot Misses the Net.
16:59 of 3rd period - Matias Maccelli is hit by Hampus Lindholm and loses puck.
17:02 of 3rd period - Shot by Matias Maccelli.
17:02 of 3rd period - Stopped by Vitek Vanecek without a rebound.
17:03 of 3rd period - Brett Howden wins face-off versus Oskar Sundqvist in LOS ANGELES Kings zone.
17:10 of 3rd period - Shot by Matt Nieto.
17:10 of 3rd period - Stopped by Vitek Vanecek without a rebound.
17:11 of 3rd period - Pierre Engvall wins face-off versus Sam Bennett in LOS ANGELES Kings zone.
17:13 of 3rd period - Icing by Rasmus Andersson.
17:14 of 3rd period - Anze Kopitar wins face-off versus Andrew Mangiapane in LOS ANGELES Kings zone.
17:43 of 3rd period - Anze Kopitar is hit by John Klingberg and loses puck.
17:57 of 3rd period - Icing by Sam Bennett.
17:58 of 3rd period - Sam Bennett wins face-off versus Dawson Mercer in SAN JOSE Sharks zone.
18:24 of 3rd period - Shot by Mark Stone.
18:24 of 3rd period - Stopped by Ville Husso with a rebound.
18:49 of 3rd period - Icing by John Klingberg.
18:50 of 3rd period - Sam Bennett wins face-off versus Anze Kopitar in SAN JOSE Sharks zone.
19:12 of 3rd period - Icing by Rasmus Andersson.
19:13 of 3rd period - Anze Kopitar wins face-off versus Matt Nieto in LOS ANGELES Kings zone.
19:18 of 3rd period - Shot by Matt Nieto.
19:18 of 3rd period - Stopped by Vitek Vanecek without a rebound.
19:19 of 3rd period - John Tavares wins face-off versus Oskar Sundqvist in LOS ANGELES Kings zone.
19:19 of 3rd period - Joe Pavelski is hit by Marcus Pettersson and loses puck.
19:25 of 3rd period - Marcus Pettersson is hit by Cody Ceci and loses puck.
19:28 of 3rd period - Shot by Carl Grundstrom.
19:28 of 3rd period - Shot Blocked by Brayden McNabb.
Goals for this period are 1 for SAN JOSE Sharks vs 0 for LOS ANGELES Kings.
Shots for this period are 7 for SAN JOSE Sharks vs 7 for LOS ANGELES Kings. Output by the SimonT Hockey Simulator (STHS) for Martin Benoit - Original Page W3C HTML5 Valid
Hockey Simulator - Hockey Simulation - Hockey Manager